 Dungeon Crawl Stone Soup version 0.24.1-4-ge52af88ad5 (webtiles) character file.

Game seed: 18285608053692710832, levelgen mode: deterministic

2019 Goreval the Carver (level 9, 0/72 HPs)
             Began as a Barachi Gladiator on Apr 21, 2020.
             Slain by a killer bee (8 damage)
             ... on level 7 of the Dungeon.
             The game lasted 00:10:40 (7639 turns).

Goreval the Carver (Barachi Gladiator)              Turns: 7639, Time: 00:10:41

Health: 0/72       AC:  8    Str: 18    XL:     9   Next: 23%
Magic:  9/9        EV: 15    Int:  9    God:
Gold:   175        SH:  0    Dex: 14    Spells: 3/8 levels left

rFire    . . .     SeeInvis .   a - +0 long sword
rCold    + . .     Gourm    .   (no shield)
rNeg     . . .     Faith    .   s - +0 scale mail {rC+}
rPois    .         Spirit   .   c - +0 helmet
rElec    .         Reflect  .   (no cloak)
rCorr    .         Harm     .   (no gloves)
MR       .....                  (no boots)
Stlth    ..........             (no amulet)
HPRegen  0.22/turn              e - +3 ring of evasion
MPRegen  0.11/turn              (no ring)

@: lethally poisoned (0 -> -14), slow
A: +LOS, swims, slowness 1, strong legs 1
a: Hop


You were on level 7 of the Dungeon.
You were hungry.

You visited 2 branches of the dungeon, and saw 8 of its levels.

You collected 175 gold pieces.

Inventory:

Hand Weapons
 a - a +0 long sword (weapon)
Missiles
 d - 3 throwing nets
 g - 219 stones (quivered)
Armour
 b - a +0 leather armour
 c - a +0 helmet (worn)
 s - a +0 scale mail of cold resistance (worn)
Jewellery
 e - a +3 ring of evasion (left hand)
Wands
 p - a wand of acid (15)
Scrolls
 h - a scroll of random uselessness {unknown}
 j - 6 scrolls of identify
 k - 6 scrolls of remove curse
 m - a scroll of immolation {unknown}
 n - 2 scrolls of blinking {unknown}
 o - 2 scrolls of teleportation {unknown}
 q - a scroll of enchant armour {unknown}
 t - a scroll of magic mapping {unknown}
 x - a scroll of summoning {unknown}
Potions
 i - a potion of heal wounds
 l - 2 potions of mutation {unknown}
 r - 2 potions of flight {unknown}
 u - a potion of degeneration {unknown}
 v - 2 potions of agility
 z - 2 potions of cancellation {unknown}
Comestibles
 f - 7 rations
 w - 3 chunks of flesh


   Skills:
 + Level 7.2 Fighting
 * Level 10.4 Long Blades
 - Level 2.0 Throwing
 + Level 5.3 Armour
 - Level 5.0 Dodging
 + Level 2.4 Charms


You had 3 spell levels left.
You knew the following spells:

 Your Spells              Type           Power        Failure   Level  Hunger
a - Infusion              Chrm           #...         41%         1    ##.....
b - Shroud of Golubria    Chrm/Tloc      #.....       73%         2    ###....
c - Song of Slaying       Chrm           #.......     54%         2    ###....

Your spell library contained the following spells:

 Spells                   Type           Power        Failure   Level  Hunger
 Regeneration             Chrm/Necr      #.........   91%         3    ####...
 Spectral Weapon          Hex/Chrm       #.......     91%         3    ####...


Dungeon Overview and Level Annotations

Branches:
Dungeon (7/15)             Temple (1/1) D:5

Altars:
Dithmenos
Elyvilon
Fedhas
Gozag
Hepliaklqana
Makhleb
Nemelex Xobeh
Okawaru
Ru
Sif Muna
Trog
Vehumet
Xom
Yredelemnul
Zin
The Shining One


Innate Abilities, Weirdness & Mutations

Shadows flee at your approach. (+LOS)
You can swim through water.
You cover ground slowly.
You can hop short distances.


Message History

The killer bee stings you.
* * * LOW HITPOINT WARNING * * *
You are lethally poisoned!
The killer bee poisons you!
Things that are here:
a killer bee corpse x2
You barely miss the killer bee.
* * * LOW HITPOINT WARNING * * *
You feel sick. The killer bee barely misses you.
You riposte.
You closely miss the killer bee.
The killer bee stings you but does no damage.
You barely miss the killer bee.
* * * LOW HITPOINT WARNING * * *
You feel sick. The killer bee stings you.
* * * LOW HITPOINT WARNING * * *
You barely miss the killer bee.
You are feeling hungry.
* * * LOW HITPOINT WARNING * * *
You feel sick. The killer bee barely misses you. The killer bee stings you!
You die...

##.##.# #+#
#.## # #. #.#
#...
#.##.##.#
####
#.......## #
####.#...####
####
#........+
+...
###....###
#### ##.#.# #
###@# #y# #.#
#.# #.# #.#
#.# #.# #..


You could see a killer bee.

Vanquished Creatures
  Edmund (D:4)
  2 orc warriors
  A sky beast (D:7)
  2 ogres (D:6)
  2 centaurs (D:5)
  A bullfrog (D:7)
  A wyvern zombie (D:7)
  5 killer bees (D:7)
  4 howler monkeys
  3 hounds
  A jelly (D:7)
  A bullfrog skeleton (D:5)
  An orc priest (D:3)
  Jessica (D:2)
  An iguana (D:3)
  7 orc wizards
  4 worker ants
  8 adders
  7 gnolls (D:4)
  A shadow imp (D:6)
  An ooze (D:4)
  A worm (D:3)
  A dart slug (D:5)
  4 leopard geckos
  31 orcs
  3 ball pythons
  5 giant cockroaches
  5 hobgoblins
  10 jackals
  A quokka (D:7)
  5 bats
  7 frilled lizards
  8 goblins
  8 kobolds
  5 rats
149 creatures vanquished.

Notes
Turn   | Place    | Note
-------+----------+-------------------------------------------
     0 | D:1      | Goreval the Barachi Gladiator began the quest for the Orb.
     0 | D:1      | Reached XP level 1. HP: 17/17 MP: 1/1
   114 | D:1      | Reached skill level 4 in Long Blades
   114 | D:1      | Reached XP level 2. HP: 23/23 MP: 2/2
   758 | D:2      | Reached XP level 3. HP: 28/28 MP: 3/3
   770 | D:2      | Found a faded altar of an unknown god.
  1133 | D:2      | Noticed Jessica
  1145 | D:2      | Killed Jessica
  1145 | D:2      | Reached skill level 5 in Long Blades
  1145 | D:2      | Reached XP level 4. HP: 23/35 MP: 4/4
  1734 | D:2      | You fall into a shaft and drop 1 floor!
  1742 | D:3      | Reached XP level 5. HP: 40/41 MP: 5/5
  2635 | D:3      | Found a glowing silver altar of Zin.
  2770 | D:3      | Reached skill level 6 in Long Blades
  2770 | D:3      | Reached XP level 6. HP: 33/48 MP: 6/6
  3053 | D:4      | Noticed Edmund
  3089 | D:4      | Killed Edmund
  3103 | D:3      | Reached skill level 5 in Dodging
  3318 | D:3      | Reached skill level 7 in Long Blades
  3318 | D:3      | Reached XP level 7. HP: 25/55 MP: 7/7
  3793 | D:4      | Reached skill level 1 in Armour
  4056 | D:4      | Reached skill level 5 in Fighting
  4806 | D:5      | Entered Level 5 of the Dungeon
  4827 | D:5      | Reached skill level 8 in Long Blades
  4926 | D:5      | Found an opulent altar of Gozag.
  4959 | D:5      | Found a staircase to the Ecumenical Temple.
  4968 | Temple   | Entered the Ecumenical Temple
  5232 | D:5      | Reached XP level 8. HP: 50/63 MP: 8/8
  6086 | D:6      | Reached skill level 9 in Long Blades
  6591 | D:6      | Learned a level 1 spell: Infusion
  6594 | D:6      | Learned a level 2 spell: Shroud of Golubria
  6597 | D:6      | Learned a level 2 spell: Song of Slaying
  7052 | D:7      | Reached skill level 1 in Charms
  7228 | D:7      | Found a shadowy altar of Dithmenos.
  7394 | D:7      | Reached skill level 10 in Long Blades
  7394 | D:7      | Reached XP level 9. HP: 66/71 MP: 9/9
  7524 | D:7      | Reached skill level 5 in Armour
  7639 | D:7      | Slain by a killer bee

Levels and vault maps discovered:
D:1:      minmay_arrival_shattered_statue, layout_rooms
D:2:      layout_basic, first_ration, chequers_ecumenical_altar_simple,
          minmay_lizard_pond, uniq_jessica
D:3:      layout_basic, zin_statuary
D:4:      layout_loops_ring, uniq_edmund
D:5:      layout_loops_ring, minmay_temple_entry_large_hall, basic_altar
D:6:      layout_cave_pools, chequers_serial_rivers_room_b
D:7:      minmay_chambers_of_fours, layout_loops_corners, lemuel_crystal_altar,
          old_standard_altar, old_standard_altar, serial_shops,
          kennysheep_mini_moat
Temple:   jpeg_temple_clearing

Skill      XL: |  1  2  3  4  5  6  7  8  9 |
---------------+----------------------------+-----
Long Blades    | 4 5 6 7 8 10 | 10.4
Fighting       | 3 4 5 6 7 |  7.2
Dodging        | 4 5 |  5.0
Armour         | 2 4 5 |  5.3
Charms         | 1 2 |  2.4
Throwing       | |  2.0

Action                   |  1- 3 |  4- 6 |  7- 9 || total
-------------------------+-------+-------+-------++-------
Melee: Long sword        |    91 |   127 |   331 ||   549
Throw: Stone             |    47 |    76 |    68 ||   191
       Throwing net      |     1 |       |       ||     1
 Abil: Hop               |       |     1 |       ||     1
  Use: Scroll            |       |     3 |       ||     3
       Potion            |       |     2 |       ||     2
  Eat: Chunk             |     1 |     8 |     8 ||    17
       Ration            |       |       |     2 ||     2
Armor: Leather armour    |    21 |    16 |       ||    37
       Scale mail        |       |     4 |    81 ||    85
Dodge: Dodged            |    87 |   122 |   240 ||   449
       Rpst.: Long sword |    28 |    32 |    73 ||   133
